 Dungeon Crawl Stone Soup version 0.30-a0-867-g305f33218d (webtiles) character file.

Game seed: 16774025080242484765

205 PLAYERX the Caller (level 5, -3/43 HPs)
             Began as a Gnoll Wanderer on Mar 10, 2023.
             Slain by a gnoll
             ... wielding a +0 whip
              (6 damage)
             ... on level 3 of the Dungeon.
             The game lasted 00:21:03 (2959 turns).

PLAYERX the Caller (Gnoll Wanderer)                 Turns: 2959, Time: 00:21:04

Health: -3/43      AC: 11    Str: 10    XL:     5   Next: 83%
Magic:  12/12      EV:  1    Int: 17    God:
Gold:   83         SH:  3    Dex:  9    Spells: 13/14 levels left

rFire   . . .      SeeInvis .    a - +0 trident
rCold   + . .      Faith    .    m - +0 buckler
rNeg    . . .      Spirit   .    b - +0 plate armour
rPois   .          Reflect  .    (no helmet)
rElec   .          Rampage  .    (no cloak)
rCorr   .                        d - +0 pair of gloves
Will    .....                    (no boots) Stlth
                                 n - amulet of the acrobat
HPRegen 0.27/turn                p - ring of protection from cold
MPRegen 0.13/turn                (no ring)

@: about to teleport
A: fangs 1, strong nose, distributed training
a: no special abilities


You were on level 3 of the Dungeon.
You visited 1 branch of the dungeon, and saw 3 of its levels.

You collected 83 gold pieces.

Inventory:

Hand Weapons
 a - a +0 trident (weapon)
Missiles
 o - 16 stones (quivered)
Armour
 b - a +0 plate armour (worn)
 d - a +0 pair of gloves (worn)
 m - a +0 buckler (worn)
Jewellery
 n - an amulet of the acrobat (around neck)
 p - a ring of protection from cold (left hand)
Scrolls
 c - 2 scrolls of teleportation
 g - a scroll of vulnerability {unknown}
 h - a scroll of fear {unknown}
 l - a scroll of identify {unknown}
Potions
 e - 2 potions of curing
 f - a potion of lignification {unknown}
 i - a potion of invisibility {unknown}
 j - a potion of degeneration {unknown}
 k - a potion of might {unknown}
 q - a potion of haste {unknown}


   Skills:
 + Level 4.9 Fighting
 + Level 1.7 Short Blades
 + Level 1.7 Long Blades
 + Level 1.7 Axes
 + Level 1.7 Maces & Flails
 + Level 1.7 Polearms
 + Level 1.7 Staves
 + Level 1.7 Ranged Weapons
 + Level 1.7 Throwing
 + Level 1.7 Armour
 + Level 1.7 Dodging
 + Level 2.9 Stealth
 + Level 1.7 Shields
 + Level 1.7 Unarmed Combat
 + Level 5.3 Spellcasting
 + Level 1.3 Conjurations
 + Level 1.3 Hexes
 + Level 5.6 Summonings
 + Level 1.3 Necromancy
 + Level 1.3 Translocations
 + Level 1.3 Transmutations
 + Level 1.3 Fire Magic
 + Level 1.3 Ice Magic
 + Level 1.3 Air Magic
 + Level 1.3 Earth Magic
 + Level 1.3 Poison Magic
 + Level 2.0 Invocations
 + Level 4.9 Evocations


You had 13 spell levels left.
You knew the following spells:

 Your Spells              Type           Power      Damage    Failure   Level
a - Summon Small Mammal   Summ           92%        N/A       100%        1

Your spell library contained the following spells:

 Spells                   Type           Power      Damage    Failure   Level
 Call Imp                 Summ           23%        N/A       100%        2
 Animate Armour           Summ/Erth      32%        N/A       100%        4


Dungeon Overview and Level Annotations

Branches:
Dungeon (3/15)

Altars:
Ashenzari
Cheibriados
Gozag
Vehumet


Innate Abilities, Weirdness & Mutations

You have very sharp teeth.
Your uncanny sense of smell can sniff out nearby items.
Your experience applies equally to all skills.


Message History

The gnoll is lightly wounded.
A bat comes into view.
The gnoll hits you with a +0 whip.
The gnoll hits you from afar with a +0 spear.
The gnoll hits you but does no damage.
You hit the gnoll but do no damage. You bite the gnoll, but do no damage.
The gnoll is lightly wounded.
The gnoll completely misses you. The gnoll hits you but does no damage.
The gnoll hits you with a +0 flail of protection!
You closely miss the gnoll. Your bite misses the gnoll.
The gnoll is lightly wounded.
The gnoll hits you with a +0 whip. The gnoll hits you but does no damage.
The gnoll hits you with a +0 flail of protection.
You are too injured to fight recklessly!
You are too injured to fight recklessly!
You are too injured to fight recklessly!
You hit the gnoll.
The gnoll is heavily wounded.
The gnoll hits you with a +0 whip. The gnoll hits you but does no damage.
The gnoll hits you with a +0 flail of protection.
The gnoll hits you but does no damage. x3
You puncture the gnoll!
You kill the gnoll!
The gnoll hits you with a +0 whip. You block the gnoll's attack.
Your Invocations skill increases to level 2!
You hit the gnoll.
The gnoll is lightly wounded.
The gnoll hits you with a +0 whip!
* * * LOW HITPOINT WARNING * * *
The gnoll hits you but does no damage.
You hit the gnoll but do no damage. You bite the gnoll, but do no damage.
The gnoll is lightly wounded.
The gnoll hits you with a +0 whip.
* * * LOW HITPOINT WARNING * * *
The gnoll hits you from afar with a +0 spear.
* * * LOW HITPOINT WARNING * * *
Okay, then.
As you read the scroll of teleportation, it crumbles to dust.
You feel strangely unstable. The gnoll hits you with a +0 whip.
You die...

. ###
....#####.####
....bg)@.....####
....###g..<.....#
. ##...#)##.####
#.# ##..#)......#
# #.# ###
#..####.##.# # #..
..# #..####.##.# #
#.# #.#
##.......##.#
#.#####.#
##...#######.# #
#....##.###.....##
#.##


You could see 2 gnolls and a bat.

Vanquished Creatures
  A phantom (D:3)
  An orc priest (D:3)
  A gnoll (D:3)
  3 adders
  A dart slug (D:1)
  3 orcs (D:3)
  7 bats
  4 endoplasms
  A giant cockroach (D:3)
  4 goblins
  5 hobgoblins
  3 jackals (D:1)
  3 kobolds
  5 ball pythons
  2 frilled lizards
  3 rats
47 creatures vanquished.

Vanquished Creatures (collateral kills)
  An endoplasm (D:1)
  A goblin (D:1)
  A hobgoblin (D:1)
  2 jackals (D:1)
  A ball python (D:1)
  2 bats (D:1)
8 creatures vanquished.

Grand Total: 55 creatures vanquished

Notes
Turn   | Place    | Note
-------+----------+-------------------------------------------
     0 | D:1      | PLAYERX the Gnoll Wanderer began the quest for the Orb.
     0 | D:1      | PLAYERX set off with the following items: a +0 club, a +0
                  | pair of gloves, a scroll of teleportation, a +0 robe, a
                  | potion of curing; and the following spell memorised: Summon
                  | Small Mammal; and the following spells available to
                  | memorise: Call Imp, Animate Armour.
     0 | D:1      | Reached XP level 1. HP: 20/20 MP: 6/6
   182 | D:1      | Reached XP level 2. HP: 8/26 MP: 7/7
   639 | D:1      | Reached skill level 5 in Spellcasting
   639 | D:1      | Reached XP level 3. HP: 25/31 MP: 7/9
  1215 | D:2      | Reached skill level 1 in Invocations
  1500 | D:2      | Reached skill level 1 in Short Blades
  1500 | D:2      | Reached skill level 1 in Long Blades
  1500 | D:2      | Reached skill level 1 in Axes
  1500 | D:2      | Reached skill level 1 in Maces & Flails
  1500 | D:2      | Reached skill level 1 in Polearms
  1500 | D:2      | Reached skill level 1 in Staves
  1500 | D:2      | Reached skill level 1 in Ranged Weapons
  1500 | D:2      | Reached skill level 1 in Throwing
  1500 | D:2      | Reached skill level 1 in Armour
  1500 | D:2      | Reached skill level 1 in Dodging
  1500 | D:2      | Reached skill level 1 in Shields
  1500 | D:2      | Reached skill level 1 in Unarmed Combat
  2433 | D:3      | Found a snail-covered altar of Cheibriados.
  2502 | D:3      | Reached XP level 4. HP: 26/38 MP: 11/11
  2703 | D:3      | Found a large runed translucent door.
  2706 | D:3      | Found a large runed translucent door.
  2710 | D:3      | Reached skill level 1 in Conjurations
  2710 | D:3      | Reached skill level 1 in Hexes
  2710 | D:3      | Reached skill level 1 in Necromancy
  2710 | D:3      | Reached skill level 1 in Translocations
  2710 | D:3      | Reached skill level 1 in Transmutations
  2710 | D:3      | Reached skill level 1 in Fire Magic
  2710 | D:3      | Reached skill level 1 in Ice Magic
  2710 | D:3      | Reached skill level 1 in Air Magic
  2710 | D:3      | Reached skill level 1 in Earth Magic
  2710 | D:3      | Reached skill level 1 in Poison Magic
  2731 | D:3      | Found an opulent altar of Gozag.
  2739 | D:3      | Found a radiant altar of Vehumet.
  2811 | D:3      | Found a broken altar of Ashenzari.
  2811 | D:3      | Noticed a phantom
  2827 | D:3      | Killed a phantom
  2828 | D:3      | Reached XP level 5. HP: 42/43 MP: 12/12
  2958 | D:3      | HP: 2/43 [gnoll/+0 spear (2)]
  2959 | D:3      | Slain by a gnoll

Illustrated notes

Levels and vault maps discovered:
D:1:      lightli_molten_gateway, layout_basic
D:2:      layout_basic
D:3:      layout_loops_corners, lemuel_coloured_pillars_altar,
          mainiacjoe_overflow_tiny_flanked, jmf_multi_god_temple2,
          mainiacjoe_overflow_alcove_1

Skill      XL: |  1  2  3  4  5 |
---------------+----------------+-----
Spellcasting   | 5 |  5.3
Invocations    | 1 2 |  2.0
Short Blades   | 1 |  1.7
Long Blades    | 1 |  1.7
Axes           | 1 |  1.7
Maces & Flails | 1 |  1.7
Polearms       | 1 |  1.7
Staves         | 1 |  1.7
Ranged Weapons | 1 |  1.7
Throwing       | 1 |  1.7
Armour         | 1 |  1.7
Dodging        | 1 |  1.7
Shields        | 1 |  1.7
Unarmed Combat | 1 |  1.7
Conjurations   | 1 |  1.3
Hexes          | 1 |  1.3
Necromancy     | 1 |  1.3
Translocations | 1 |  1.3
Transmutations | 1 |  1.3
Fire Magic     | 1 |  1.3
Ice Magic      | 1 |  1.3
Air Magic      | 1 |  1.3
Earth Magic    | 1 |  1.3
Poison Magic   | 1 |  1.3
Fighting       | |  4.9
Stealth        | |  2.9
Summonings     | |  5.6
Evocations     | |  4.9

Action                     |  1- 3 |  4- 6 || total
---------------------------+-------+-------++-------
  Melee: Club              |    90 |       ||    90
         Bite              |    11 |     6 ||    17
         Trident           |    37 |    61 ||    98
         Dagger            |    30 |       ||    30
         Whip              |     2 |       ||     2
         Short sword       |     2 |       ||     2
  Throw: Stone             |     2 |     3 ||     5
   Cast: Summon Small Mamm |    22 |       ||    22
    Use: Scroll            |       |     1 ||     1
   Stab: Sleeping          |     5 |       ||     5
 Armour: Robe              |    62 |       ||    62
         Plate armour      |    16 |    52 ||    68
         Ring mail         |    13 |       ||    13
         Scale mail        |    13 |       ||    13
  Dodge: Dodged            |   152 |     1 ||   153
  Block: Buckler           |     5 |     9 ||    14

Table legend: (Time is in decaauts)
 A = Elapsed time spent in this place.
 B = Non-inter-level travel time spent in this place.
 C = Inter-level travel time spent in this place.
 D = Time resting spent in this place.
 E = Time spent auto-exploring this place.
 F = Levels seen in this place.
 G = Mean time per level.
                   A        B        C        D        E       F      G
               +--------+--------+--------+--------+--------+-----+--------+
         Total |   3009 |   3009 |      0 |    230 |   1861 |   3 | 1003.0 |
       Dungeon |   3009 |   3009 |      0 |    230 |   1861 |   3 | 1003.0 |
               +--------+--------+--------+--------+--------+-----+--------+

Top non-repeatable levels by time:
     D:1: 1172 daAuts
     D:2: 1067 daAuts
     D:3: 768 daAuts
